 Dungeon Crawl Stone Soup version 0.18.1-48-g4cf74bf (webtiles) character file.

11804 Inkary the Fighter (level 11, -7/102 HPs)
             Began as a Minotaur Berserker on Sept 4, 2016.
             Was a High Priest of Trog.
             Killed from afar by a fire dragon (12 damage)
             ... with a blast of flame
             ... on level 12 of the Dungeon.
             The game lasted 00:16:00 (9400 turns).

Inkary the Fighter (Minotaur Berserker)             Turns: 9400, Time: 00:16:02

Health: -7/102     AC: 20    Str: 23    XL:     11   Next: 54%
Magic:  13/14      EV: 11    Int:  4    God:    Trog [*****.]
Gold:   709        SH:  0    Dex: 12    Spells: 0 memorised, 10 levels left

rFire  + . .     SeeInvis .     t - +0 mace (crush)
rCold  . . .     Gourm    .     I - +1 plate armour {rF+}
rNeg   . . .     Faith    +     (no shield)
rPois  .         Spirit   .     (helmet restricted)
rElec  +         Dismiss  .     s - +2 cloak
rCorr  +         Reflect  .     g - +0 pair of gloves
SustAt .         Harm     .     (no boots)
MR     ++...                    z - amulet of faith
Stlth  ..........               L - ring of stealth
                                v - ring of resist corrosion

@: exhausted, regenerating, slowed, very slow, very resistant to hostile
enchantments, extremely unstealthy
A: retaliatory headbutt, horns 2, electricity resistance, wild magic 1
a: Berserk, Trog's Hand, Brothers in Arms, Burn Spellbooks, Renounce Religion


You were on level 12 of the Dungeon.
You worshipped Trog.
Trog was extremely pleased with you.
You were near starving.

You visited 1 branch of the dungeon, and saw 12 of its levels.

You collected 709 gold pieces.

Inventory:

Hand Weapons
 t - a +0 mace of crushing (weapon)
 C - a +0 mace of holy wrath
Missiles
 u - a throwing net (quivered)
Armour
 g - a +0 pair of gloves (worn)
 s - a +2 cloak (worn)
 I - a +1 plate armour of fire resistance (worn)
 O - a +1 ring mail of poison resistance
Rods
 d - a +0 rod of inaccuracy (14/14)
   (You found it on level 11 of the Dungeon)
Jewellery
 v - a ring of resist corrosion (left hand)
 z - an amulet of faith (around neck)
 D - an uncursed amulet of regeneration
 L - a ring of stealth (right hand)
Wands
 p - a wand of flame (24/48)
 q - a wand of lightning (6/15)
 N - a wand of teleportation (2/9)
Scrolls
 a - 5 scrolls of remove curse
 i - 7 scrolls of fog
 m - 4 scrolls of teleportation
 r - a scroll of immolation {unknown}
 x - a scroll of vulnerability
 y - 2 scrolls of fear
 B - 3 scrolls of enchant armour {unknown}
 G - a scroll of holy word {unknown}
 J - 4 scrolls of amnesia {unknown}
 Q - a scroll of identify
 R - 2 scrolls of magic mapping {unknown}
Potions
 b - a potion of cure mutation {unknown}
 e - a potion of ambrosia
 j - 2 potions of flight
 k - 3 potions of cancellation
 l - a potion of agility
 o - a potion of heal wounds
 w - a potion of degeneration {unknown}
 A - a potion of berserk rage
 E - 2 potions of mutation
 H - a potion of brilliance {unknown}
 K - a potion of magic
 M - a potion of lignification {unknown}
Comestibles
 c - 5 bread rations
 f - 3 meat rations
 h - 2 beef jerkies
 n - 2 slices of pizza
 F - 7 fruits
 P - 7 chunks of flesh


   Skills:
 + Level 11.2 Fighting
 + Level 11.0 Maces & Flails
 + Level 10.7 Armour
 + Level 9.7 Dodging
 + Level 5.4 Evocations


You had 10 spell levels left.
You didn't know any spells.

Dungeon Overview and Level Annotations

Branches:
Dungeon (12/15)            Temple (0/1) D:7            Lair (0/8) D:11
    Orc (0/2) D:9

Altars:
Ashenzari
Elyvilon
Fedhas
Gozag
Kikubaaqudgha
Makhleb
Nemelex Xobeh
Pakellas
Qazlal
Sif Muna
Vehumet
Xom
Yredelemnul
Zin

Shops:
D:4 }   D:5 }   D:8 %


Innate Abilities, Weirdness & Mutations

You reflexively headbutt those who attack you in melee.
You have a pair of horns on your head.
You are resistant to electric shocks.
Your spells are a little harder to cast, but a little more powerful.


Message History

The fire dragon claws you but does no damage.
The fire dragon tramples you but does no damage.
Something hits you but does no damage.
You bludgeon the centaur warrior!!
You kill the centaur warrior!
Trog accepts your kill.
Your Maces & Flails skill increases to level 11!
Something hits you but does no damage.
Unknown command.
You are too berserk!
You are too berserk!
Unknown command.
You are no longer berserk.
You are exhausted.
You feel yourself slow down.
You are near starving!
Something hits you but does no damage. The fire dragon breathes flames at you.
The blast of flame hits you! You resist.
You die...

)##........
.....................##.
#>......................
#............)..........
#.....................<#
........................
........................
........................
................@.......
........###.###.###.#.##
........#....cD(h..?...
........#.###O###.##.##
..........#..H.......
........#.#.###.###.#
........#...# ... ...
........#.#.# #.# .##
..........#.O.# ... .


You could see a fire dragon, a centaur warrior, a manticore and an ogre.

Vanquished Creatures
  Harold (D:11)
  A centaur warrior (D:12)
  A hydra (D:12)
  An unseen horror (D:12)
  A hill giant (D:11)
  An ugly thing (D:11)
  Maurice (D:11)
  A gargoyle (D:10)
  2 trolls
  2 two-headed ogres
  9 yaks (D:9)
  A wyvern (D:10)
  3 hippogriffs
  A hungry ghost (D:7)
  A mottled dragon (D:12)
  2 hell hounds (D:11)
  2 orc warriors
  3 ice beasts
  An eye of draining (D:10)
  A necrophage (D:11)
  5 ogres
  A sky beast (D:6)
  7 centaurs
  3 big kobolds
  Blork the orc (D:4)
  6 giant frogs
  5 scorpions
  4 killer bees
  7 howler monkeys
  2 giant frog zombies
  7 crimson imps
  A quasit (D:9)
  3 jellies
  Crazy Yiuf (D:2)
  A giant frog skeleton (D:6)
  5 hounds
  5 orc priests
  5 centaur skeletons
  A gnoll shaman (D:5)
  3 iguanas
  Ijyb (D:2)
  8 orc wizards
  5 worker ants
  A hound zombie (D:8)
  2 worker ant zombies
  15 adders
  8 gnolls
  A shadow imp (D:6)
  An ooze (D:4)
  An adder zombie (D:5)
  3 adder skeletons
  4 worms
  A dart slug (D:2)
  4 giant geckos
  44 orcs
  3 ball pythons
  6 giant cockroaches
  6 goblins
  7 hobgoblins
  6 jackals
  10 kobolds
  7 quokkas
  9 bats
  6 giant newts
  7 rats
275 creatures vanquished.

Notes
Turn   | Place    | Note
--------------------------------------------------------------
     0 | D:1      | Inkary the Minotaur Berserker began the quest for the Orb.
     0 | D:1      | Reached XP level 1. HP: 19/19 MP: 0/0
   129 | D:1      | Reached XP level 2. HP: 22/27 MP: 1/1
  1064 | D:2      | Noticed Ijyb
  1086 | D:2      | Killed Ijyb
  1086 | D:2      | Reached XP level 3. HP: 16/33 MP: 2/2
  1214 | D:2      | Found a glowing silver altar of Zin.
  1297 | D:2      | Reached ** piety under Trog
  1364 | D:2      | Found an oddly glowing altar of Pakellas.
  1382 | D:2      | Reached XP level 4. HP: 37/40 MP: 3/3
  1465 | D:2      | Noticed Crazy Yiuf
  1467 | D:2      | Paralysed by Crazy Yiuf for 2 turns
  1472 | D:2      | HP: 2/41 [Crazy Yiuf/quarterstaff of chaos (3)]
  1474 | D:2      | Killed Crazy Yiuf
  1980 | D:2      | Reached XP level 5. HP: 45/47 MP: 4/4
  2691 | D:3      | Found a white marble altar of Elyvilon.
  2795 | D:3      | Reached skill level 5 in Fighting
  2816 | D:3      | Reached *** piety under Trog
  2816 | D:3      | Reached skill level 5 in Maces & Flails
  3000 | D:3      | Reached XP level 6. HP: 56/56 MP: 5/5
  3047 | D:3      | Found a basalt altar of Yredelemnul.
  3117 | D:3      | Found a stormy altar of Qazlal.
  3259 | D:4      | Found a shimmering altar of Xom.
  3303 | D:4      | Noticed Blork the orc
  3309 | D:4      | Killed Blork the orc
  3342 | D:4      | Reached skill level 5 in Armour
  3463 | D:4      | Found a radiant altar of Vehumet.
  3503 | D:4      | Found Qaepulia's Gadget Boutique.
  3591 | D:4      | Reached XP level 7. HP: 38/62 MP: 6/6
  3607 | D:4      | Found an opulent altar of Gozag.
  3947 | D:5      | Entered Level 5 of the Dungeon
  4052 | D:5      | Reached skill level 5 in Dodging
  4161 | D:5      | Found Dexeulolai's Gadget Shoppe.
  4167 | D:5      | Reached XP level 8. HP: 61/71 MP: 7/7
  4529 | D:5      | Found a deep blue altar of Sif Muna.
  5159 | D:6      | Reached XP level 9. HP: 66/81 MP: 8/8
  5305 | D:6      | Gained mutation: Your spells are a little harder to cast, but a little more powerful. [mutagenic meat]
  5306 | D:6      | Gained mutation: You are resistant to electric shocks. [mutagenic meat]
  5512 | D:7      | Found a shattered altar of Ashenzari.
  5679 | D:7      | Found a staircase to the Ecumenical Temple.
  5883 | D:7      | Reached **** piety under Trog
  6094 | D:7      | Found a sparkling altar of Nemelex Xobeh.
  6382 | D:8      | Reached skill level 1 in Evocations
  6595 | D:8      | Found a blossoming altar of Fedhas.
  6595 | D:8      | Found an ancient bone altar of Kikubaaqudgha.
  6777 | D:8      | Found Ruczikil's Food Shoppe.
  7125 | D:9      | Noticed a troll
  7125 | D:9      | Found a staircase to the Orcish Mines.
  7132 | D:9      | Killed a troll
  7137 | D:9      | Reached XP level 10. HP: 91/91 MP: 10/10
  7231 | D:9      | Found a burning altar of Makhleb.
  7544 | D:9      | Reached ***** piety under Trog
  7670 | D:9      | Reached skill level 10 in Fighting
  7696 | D:10     | Entered Level 10 of the Dungeon
  7930 | D:10     | Reached skill level 10 in Maces & Flails
  8143 | D:10     | Noticed a gargoyle
  8157 | D:10     | Killed a gargoyle
  8787 | D:11     | Noticed Harold
  8798 | D:11     | Killed Harold
  8798 | D:11     | Reached skill level 10 in Armour
  8798 | D:11     | Reached XP level 11. HP: 101/101 MP: 13/13
  8931 | D:11     | Noticed Maurice
  8949 | D:11     | Killed Maurice
  9029 | D:11     | Found a staircase to the Lair.
  9035 | D:11     | Noticed a brown ugly thing
  9048 | D:11     | Killed a brown ugly thing
  9239 | D:11     | Noticed a hill giant
  9251 | D:11     | Killed a hill giant
  9367 | D:12     | Noticed a fire dragon
  9369 | D:12     | Noticed an orc knight
  9369 | D:12     | Noticed a six-headed hydra
  9369 | D:12     | Noticed a centaur warrior
  9372 | D:12     | Reached skill level 5 in Evocations
  9373 | D:12     | Noticed a centaur warrior
  9388 | D:12     | Killed a six-headed hydra
  9391 | D:12     | Killed an unseen horror
  9398 | D:12     | HP: 5/153 [centaur warrior (8)]
  9399 | D:12     | Killed a centaur warrior
  9400 | D:12     | Killed from afar by a fire dragon

Skill      XL: |  1  2  3  4  5  6  7  8  9 10 11 |
---------------+----------------------------------+-----
Maces & Flails | 4 5 6 7 9 10 11 | 11.0
Fighting       | 4 5 6 8 9 10 11 | 11.2
Armour         | 3 4 5 6 7 8 10 | 10.7
Dodging        | 3 4 5 6 7 9 |  9.7
Evocations     | 2 4 5 |  5.4

Action                   |  1- 3 |  4- 6 |  7- 9 | 10-12 || total
-------------------------+-------+-------+-------+-------++-------
Melee: Mace              |    65 |   158 |   348 |   300 ||   871
       Headbutt          |     7 |    27 |    83 |    70 ||   187
Invok: Trog's Hand       |       |     2 |    15 |     7 ||    24
       Berserk           |       |     2 |     2 |     5 ||     9
  Use: Scroll            |       |       |    12 |     4 ||    16
 Stab: Sleeping          |       |       |       |     2 ||     2
  Eat: Chunk             |     2 |     9 |    15 |    14 ||    40
       Bread ration      |       |       |     1 |       ||     1
       Pizza             |       |       |     1 |       ||     1
Armor: Animal skin       |    12 |       |       |       ||    12
       Leather armour    |     7 |    63 |       |       ||    70
       Scale mail        |       |     3 |   128 |       ||   131
       Plate armour      |       |       |    11 |   190 ||   201
       Ring mail         |       |       |       |    24 ||    24
Dodge: Dodged            |    46 |   121 |   201 |   191 ||   559
